 Dungeon Crawl Stone Soup version 0.19.1 (webtiles) character file.

3378 Peloso the Carver (level 9, -23/121 HPs)
             Began as a Deep Dwarf Fighter on Dec 10, 2016.
             Was a Believer of Okawaru.
             Annihilated by MenacingMecha's ghost (31 damage)
             ... on level 7 of the Dungeon.
             The game lasted 00:22:13 (5845 turns).

Peloso the Carver (Deep Dwarf Fighter)              Turns: 5845, Time: 00:22:14

Health: -23/121    AC: 14    Str: 27    XL:     9   Next: 74%
Magic:  10/10      EV:  8    Int: 10    God:    Okawaru [**....]
Gold:   361        SH: 12    Dex: 15    Spells: 0 memorised, 8 levels left

rFire  . . .     SeeInvis .     a - +0 long sword
rCold  . . .     Gourm    .     y - +0 plate armour
rNeg   . . .     Faith    .     c - +0 shield
rPois  .         Spirit   .     m - +0 helmet
rElec  .         Reflect  .     (no cloak)
rCorr  .         Harm     .     (no gloves)
MR     +....                    (no boots)
Stlth  ..........               (no amulet)
                                (no ring)
                                s - +3 ring of dexterity

@: berserking, non-regenerating, very quick
A: damage resistance, recharge devices, sense surroundings 2, slow regeneration
3
a: Device Recharging, Heroism, Renounce Religion


You were on level 7 of the Dungeon.
You worshipped Okawaru.
Okawaru was pleased with you.
You were not hungry.

You visited 2 branches of the dungeon, and saw 8 of its levels.

You collected 361 gold pieces.

Inventory:

Hand Weapons
 a - a +0 long sword (weapon)
Armour
 c - a +0 shield (worn)
 m - a +0 helmet (worn)
 y - a +0 plate armour (worn)
Jewellery
 s - a +3 ring of dexterity (left hand)
Wands
 e - a wand of heal wounds (3/9)
 l - a wand of disintegration (14/24)
Scrolls
 o - 2 scrolls of enchant weapon
 r - a scroll of amnesia
 t - 2 scrolls of teleportation
 w - 4 scrolls of remove curse
Potions
 b - a potion of might
 d - a potion of heal wounds
 g - a potion of haste
 i - a potion of flight
 n - 2 potions of cancellation
 p - a potion of curing
 v - 2 potions of invisibility
Comestibles
 f - 3 bread rations
 h - 4 slices of pizza
 j - a royal jelly
 k - a meat ration
 x - 4 chunks of flesh


   Skills:
 + Level 5.5 Fighting
 + Level 9.2 Long Blades
 + Level 6.4 Armour
 + Level 4.0 Dodging
 + Level 2.0 Stealth
 + Level 7.3 Shields
 + Level 2.1 Invocations
 + Level 1.3 Evocations


You had 8 spell levels left.
You didn't know any spells.

Dungeon Overview and Level Annotations

Branches:
Dungeon (7/15)             Temple (1/1) D:4

Altars:
Ashenzari
Dithmenos
Elyvilon
Fedhas
Gozag
Hepliaklqana
Kikubaaqudgha
Makhleb
Nemelex Xobeh
Okawaru
Qazlal
Ru
Sif Muna
Trog
Uskayaw
Vehumet
Xom
Yredelemnul
Zin
The Shining One

Annotations:
D:7 MenacingMecha's ghost, novice OgBe


Innate Abilities, Weirdness & Mutations

You are resistant to damage.
You can recharge devices by infusing magical energy.
You passively map the area around you.
You do not regenerate.


Message History

MenacingMecha's ghost turns its malevolent gaze towards you.
Evoke which item? (* to show all) (? for menu, Esc to quit)
Okay, then.
Okay, then.
Okay, then.
A red film seems to cover your vision as you go berserk!
You feel yourself moving faster!
You feel mighty!
Your shield and plate armour prevent you from hitting MenacingMecha's ghost.
You closely miss MenacingMecha's ghost. MenacingMecha's ghost hits you!!
* * * LOW HITPOINT WARNING * * *
You barely miss MenacingMecha's ghost. MenacingMecha's ghost hits you.
You slash MenacingMecha's ghost!
MenacingMecha's ghost is lightly damaged.
MenacingMecha's ghost barely misses you.
You slice MenacingMecha's ghost!!
MenacingMecha's ghost is moderately damaged.
Your shield and plate armour prevent you from hitting MenacingMecha's ghost.
MenacingMecha's ghost is moderately damaged.
MenacingMecha's ghost hits you!!
You die...

*********,.#* #......#.##
*****,,,,..,,,..# #.###.##.#.
*,,,,,*###.####.# #.# #.##...
*,**#,##.....##.###.###.##...
*,* #.#.......#.....##.......
*,* #.#.......#.##..##..##...
*,* #....._.....##..##..###..
*.##*,#......W#.........# ##.
*,...,#.....@.#.###.##### ##
*,*#..##...%(##.###.# #
#.**#.####.####..##.### # #.*
#.................# # #.*
###.#.##..#.###.#.# #
#.#####...###.#.###.#.# #
#(...........>..##..### #
##.#.#(##.#####.##.## #
#.#.#.##!#** #.##>#### #


You could see MenacingMecha's ghost.

Vanquished Creatures
  Grinder (D:3)
  4 yaks
  An orc warrior (D:7)
  A phantom (D:4)
  3 ice beasts
  3 necrophages (D:6)
  5 ogres
  The ghost of Legion1337 the Covered, an amateur HuFi (D:3)
  A big kobold (D:5)
  2 bullfrogs
  A water moccasin zombie (D:6)
  2 scorpions
  2 vampire bats (D:4)
  3 howler monkeys
  2 crimson imps
  2 centaur zombies
  A quasit (D:7)
  3 bullfrog zombies
  3 orc wizards
  A jelly (D:4)
  2 orc priests
  6 worker ants
  3 hound zombies
  4 gnolls
  10 adders
  2 oozes (D:1)
  An adder zombie (D:6)
  2 worms
  A dart slug (D:3)
  6 leopard geckos
  13 orcs
  A bat skeleton (D:4)
  4 bat zombies (D:4)
  6 giant cockroaches
  5 hobgoblins
  4 jackals
  5 quokkas
  3 ball pythons
  5 bats
  4 frilled lizards
  8 goblins
  A jackal skeleton (D:4)
  9 kobolds
  A leopard gecko skeleton (D:7)
  2 quokka zombies
  4 rats
154 creatures vanquished.

Vanquished Creatures (others)
  2 bushes (D:6)
  7 plants (D:6)
9 creatures vanquished.

Grand Total: 163 creatures vanquished

Notes
Turn   | Place    | Note
-------+----------+-------------------------------------------
     0 | D:1      | Peloso the Deep Dwarf Fighter began the quest for the Orb.
     0 | D:1      | Reached XP level 1. HP: 20/20 MP: 1/1
     1 | D:1      | Noticed an electric eel
   137 | D:1      | Reached XP level 2. HP: 25/27 MP: 2/2
   421 | D:2      | Reached XP level 3. HP: 27/33 MP: 3/3
   677 | D:2      | Found a burning altar of Makhleb.
   677 | D:2      | Noticed an Executioner
   691 | D:2      | Noticed an orange demon
   691 | D:2      | Noticed an orange demon
   833 | D:2      | Reached XP level 4. HP: 33/42 MP: 4/4
  1242 | D:3      | Reached skill level 3 in Long Blades
  1242 | D:3      | Reached XP level 5. HP: 36/49 MP: 5/5
  1322 | D:3      | Noticed Grinder
  1324 | D:3      | Paralysed by Grinder for 2 turns
  1350 | D:3      | Paralysed by Grinder for 5 turns
  1362 | D:3      | HP: 1/49 [Grinder (2)]
  1367 | D:3      | Killed Grinder
  1367 | D:3      | Reached skill level 4 in Long Blades
  1367 | D:3      | Reached XP level 6. HP: 32/56 MP: 6/6
  1433 | D:3      | Noticed Legion1337's ghost (amateur HuFi)
  1899 | D:3      | Killed Legion1337's ghost
  1899 | D:3      | Reached skill level 1 in Dodging
  1899 | D:3      | Reached skill level 5 in Shields
  2301 | D:4      | Reached XP level 7. HP: 31/63 MP: 7/7
  2359 | D:4      | Reached skill level 5 in Long Blades
  2495 | D:4      | Found an ancient bone altar of Kikubaaqudgha.
  2499 | D:4      | Reached skill level 1 in Stealth
  2573 | D:4      | Found a staircase to the Ecumenical Temple.
  2578 | Temple   | Entered the Ecumenical Temple
  2861 | Temple   | Became a worshipper of Warmaster Okawaru
  2903 | D:4      | Found a sparkling altar of Nemelex Xobeh.
  3000 | D:4      | Found a deep blue altar of Sif Muna.
  3156 | D:4      | Reached skill level 5 in Armour
  3286 | D:5      | Entered Level 5 of the Dungeon
  3289 | D:5      | Noticed a yak
  3289 | D:5      | Noticed a yak
  3290 | D:5      | Noticed a yak
  3304 | D:5      | Noticed a yak
  3318 | D:4      | Killed a yak
  3318 | D:4      | Reached skill level 6 in Long Blades
  3318 | D:4      | Reached XP level 8. HP: 9/72 MP: 8/8
  3350 | D:4      | Reached * piety under Okawaru
  3350 | D:4      | Reached skill level 1 in Evocations
  3388 | D:5      | Reached skill level 7 in Long Blades
  4013 | D:5      | Reached ** piety under Okawaru
  4177 | D:6      | Gained mutation: You passively map the area around you. [Deep Dwarf growth]
  4177 | D:6      | Reached XP level 9. HP: 53/80 MP: 10/10
  4368 | D:6      | Reached skill level 5 in Fighting
  4719 | D:6      | Found a blossoming altar of Fedhas.
  4956 | D:6      | Reached skill level 1 in Invocations
  4963 | D:6      | Reached skill level 8 in Long Blades
  5307 | D:7      | Found a shimmering altar of Xom.
  5580 | D:7      | Found a sacrificial altar of Ru.
  5610 | D:7      | Reached skill level 9 in Long Blades
  5669 | D:7      | Found a radiant altar of Vehumet.
  5681 | D:7      | Found a glowing silver altar of Zin.
  5837 | D:7      | Noticed MenacingMecha's ghost (novice OgBe)
  5845 | D:7      | Annihilated by MenacingMecha's ghost

Skill      XL: |  1  2  3  4  5  6  7  8  9 |
---------------+----------------------------+-----
Shields        | 4 5 6 7 |  7.3
Fighting       | 3 4 5 |  5.5
Armour         | 4 5 6 |  6.4
Long Blades    | 3 4 6 7 9 |  9.2
Dodging        | 1 2 3 4 |  4.0
Stealth        | 1 2 |  2.0
Evocations     | 1 |  1.3
Invocations    | 2 |  2.1

Action                   |  1- 3 |  4- 6 |  7- 9 || total
-------------------------+-------+-------+-------++-------
Melee: Long sword        |   101 |   156 |   551 ||   808
Invok: Heroism           |       |       |    16 ||    16
Evoke: Wand              |       |     2 |     8 ||    10
  Use: Potion            |       |     1 |     7 ||     8
       Scroll            |       |     9 |     8 ||    17
  Eat: Chunk             |       |     3 |    11 ||    14
       Beef jerky        |       |     1 |       ||     1
       Royal jelly       |       |       |     1 ||     1
Armor: Scale mail        |    53 |    50 |   143 ||   246
       Plate armour      |       |       |    13 ||    13
Dodge: Dodged            |    25 |    46 |   170 ||   241
Block: Shield            |    66 |    84 |   270 ||   420
       Rpst.: Long sword |     5 |    17 |    57 ||    79
